 Dungeon Crawl Stone Soup version 0.19.4 (webtiles) character file.

280 Raymar the Covert (level 6, 0/32 HPs)
             Began as a Spriggan Assassin on Feb 5, 2017.
             Slain by a gnoll
             ... wielding a +0 halberd
              (13 damage)
             ... on level 5 of the Dungeon.
             The game lasted 00:09:26 (3562 turns).

Raymar the Covert (Spriggan Assassin)               Turns: 3562, Time: 00:09:26

Health: 0/32       AC:  7    Str:  9    XL:     6   Next: 5%
Magic:  7/7        EV: 19    Int: 18    God:
Gold:   207        SH:  0    Dex: 19    Spells: 0 memorised, 5 levels left

rFire  . . .     SeeInvis +     s - +5 whip "Saberom" {venom, rPois Str+2 Int+5}
rCold  . . .     Gourm    .     c - +2 robe
rNeg   . . .     Faith    .     (shield restricted)
rPois  +         Spirit   .     (helmet restricted)
rElec  .         Reflect  .     d - +2 cloak
rCorr  .         Harm     .     (gloves unavailable)
MR     +....                    (boots unavailable)
Stlth  ++++......               (no amulet)
                                (no ring)
                                (no ring)

@: very quick
A: unfitting armour, see invisible, herbivore 3, speed 3, slow metabolism 2
a: no special abilities


You were on level 5 of the Dungeon.
You were very full.

You visited 1 branch of the dungeon, and saw 5 of its levels.

You collected 207 gold pieces.

Inventory:

Hand Weapons
 a - a +2 dagger
 b - a +0 blowgun
 s - the +5 whip "Saberom" (weapon) {venom, rPois Str+2 Int+5}
   (You found it on level 4 of the Dungeon)

   It poisons the flesh of those it strikes.
   It affects your strength (+2).
   It affects your intelligence (+5).
   It protects you from poison.
Missiles
 e - 5 poisoned needles
 f - 2 curare-tipped needles
 j - 38 arrows
 n - 3 tomahawks of returning (quivered)
Armour
 c - a +2 robe (worn)
 d - a +2 cloak (worn)
Jewellery
 m - an uncursed amulet of rage
Wands
 g - a wand of flame (24/48)
Scrolls
 i - 2 scrolls of identify
 k - a scroll of fear
 l - 2 scrolls of remove curse
 p - a scroll of amnesia
Potions
 h - a potion of cancellation
 q - a potion of cure mutation {unknown}
 r - a potion of flight {unknown}
Comestibles
 o - a bread ration


   Skills:
 + Level 2.4 Fighting
 + Level 3.5 Short Blades
 * Level 0.2 Maces & Flails
 + Level 2.6 Throwing
 + Level 3.2 Dodging
 + Level 8.6 Stealth
 + Level 0.3 Evocations


You had 5 spell levels left.
You didn't know any spells.

Dungeon Overview and Level Annotations

Branches:
Dungeon (5/15)
 Temple: D:4-7

Altars:
Elyvilon
Makhleb
Vehumet

Annotations:
D:3 Sigmund


Innate Abilities, Weirdness & Mutations

You are very small and have problems with some larger weapons.
You are too small for most types of armour.
You have supernaturally acute eyesight. (SInv)
You are a herbivore.
You cover ground extremely quickly.
You need consume almost no food.


Message History

You start resting.
You see here a throwing net.
You barely miss the gnoll. The gnoll barely misses you. The gnoll misses you.
You see here a throwing net.
You see here a poisoned needle.
e - 5 poisoned needles (gained 1)
The gnoll completely misses you.
You hit the gnoll.
The gnoll is poisoned.
The gnoll is heavily wounded.
The gnoll misses you. The gnoll hits you with a halberd.
You hit the gnoll but do no damage.
The gnoll looks as sick as possible!
The gnoll is severely wounded.
You kill the gnoll!
The gnoll hits you but does no damage. The gnoll hits you with a halberd!
You hit the gnoll.
The gnoll is poisoned.
The gnoll is severely wounded.
The gnoll hits you with a halberd!
You die...

#..# #.# #.....#g#
##.#####.# ###.###.# #
#.......# #.# #.##.####
######..######.###........
#....†....(.gg.......
##.######.#.........# #.#
##.#.####.#...
#.#####g.#.####.# ..
#.....@.......... .
###.....(......##.
#.###.##.##### .. #.#
#.##.# #.# #.# .# #.# #.#
# #.# #.# #.# #.# #.# #.#


You could see a gnoll.

Vanquished Creatures
  The ghost of Raymar the Sneak, an amateur SpAs (D:3)
  A howler monkey (D:4)
  A bullfrog skeleton (D:4)
  A worker ant (D:5)
  2 gnolls (D:5)
  5 adders
  An ooze (D:1)
  2 worms
  A dart slug (D:1)
  2 leopard geckos (D:1)
  5 orcs
  5 bats
  A giant cockroach (D:1)
  4 goblins
  7 hobgoblins
  A quokka (D:4)
  5 frilled lizards
  2 kobolds (D:3)
  6 rats
53 creatures vanquished.

Notes
Turn   | Place    | Note
-------+----------+-------------------------------------------
     0 | D:1      | Raymar the Spriggan Assassin began the quest for the Orb.
     0 | D:1      | Reached XP level 1. HP: 10/10 MP: 2/2
   107 | D:1      | Reached skill level 6 in Stealth
   293 | D:1      | Reached XP level 2. HP: 2/14 MP: 3/3
  1250 | D:2      | Reached skill level 7 in Stealth
  1250 | D:2      | Reached XP level 3. HP: 4/18 MP: 4/4
  1595 | D:2      | Found a burning altar of Makhleb.
  1597 | D:2      | Found a radiant altar of Vehumet.
  1818 | D:2      | Reached XP level 4. HP: 16/23 MP: 5/5
  2114 | D:3      | Noticed Raymar's ghost (amateur SpAs)
  2657 | D:3      | Killed Raymar's ghost
  2657 | D:3      | Reached XP level 5. HP: 21/26 MP: 6/6
  2830 | D:3      | Noticed Sigmund
  2860 | D:4      | Reached skill level 8 in Stealth
  3165 | D:4      | Got a dazzling whip
  3166 | D:4      | Identified the +5 whip "Saberom" {venom, rPois Str+2 Int+5} (You found it on level 4 of the Dungeon)
  3389 | D:5      | Entered Level 5 of the Dungeon
  3430 | D:5      | Found a white marble altar of Elyvilon.
  3528 | D:5      | Reached XP level 6. HP: 24/32 MP: 7/7
  3562 | D:5      | Slain by a gnoll

Skill      XL: |  1  2  3  4  5 |
---------------+----------------+-----
Stealth        | 6 7 8 |  8.6
Dodging        | 2 3 |  3.2
Short Blades   | 3 |  3.5
Fighting       | 2 |  2.4
Maces & Flails | |  0.2
Throwing       | |  2.6
Evocations     | |  0.3

Action                   |  1- 3 |  4- 6 || total
-------------------------+-------+-------++-------
Melee: Dagger            |    79 |    89 ||   168
       Whip              |       |    12 ||    12
 Fire: Blowgun           |     6 |     6 ||    12
Evoke: Wand              |     2 |       ||     2
  Use: Scroll            |     8 |     5 ||    13
       Potion            |     4 |     1 ||     5
 Stab: Sleeping          |     7 |     6 ||    13
  Eat: Bread ration      |     1 |     1 ||     2
Armor: Robe              |    12 |    14 ||    26
Dodge: Dodged            |    49 |    58 ||   107
